 Dungeon Crawl Stone Soup version 0.31-a0-662-g684573625c (webtiles) character file.

Game seed: 14393054225211908653

300 heikuro the Shield-Bearer (level 6, -3/49 HPs)
             Began as a Formicid Fighter on Aug 31, 2023.
             Was a Priest of Jiyva.
             Slain by a killer bee (8 damage)
             ... on level 3 of the Dungeon on Sept 1, 2023.
             The game lasted 00:05:29 (2635 turns).

heikuro the Shield-Bearer (Formicid Fighter)        Turns: 2635, Time: 00:05:29

Health: -3/49      AC:  7    Str: 22    XL:     6   Next: 64%
Magic:  6/6        EV:  9    Int:  8    God:    Jiyva [***...]
Gold:   179        SH:  5    Dex: 13    Spells: 5/5 levels left

rFire   . . .        g - +1 mace (protect)
rCold   . . .        c - +0 buckler
rNeg    . . .        b - +0 scale mail
rPois   .            (helmet unavailable)
rElec   .            (no cloak)
rCorr   +            (no gloves)
SInv    +            (no boots)
Will    .....        (no amulet) Stlth
                     (no ring)
HPRegen 1.40/turn    (no ring)
MPRegen 0.45/turn

%: no passive effects
@: lethally poisoned (-3 -> -3)
A: permanent stasis, dig shafts and tunnels, antennae 3, four strong arms
a: Dig, Shaft Self, Renounce Religion, Oozemancy


You were on level 3 of the Dungeon.
You worshipped Jiyva.
Jiyva was most pleased with you.
You visited 1 branch of the dungeon, and saw 4 of its levels.

You collected 179 gold pieces.

Inventory:

Hand Weapons
 a - a +0 war axe
 g - a +1 mace of protection (weapon)
Missiles
 j - 3 poisoned darts
Armour
 b - a +0 scale mail (worn)
 c - a +0 buckler (worn)
Scrolls
 e - a scroll of teleportation {unknown}
 f - 2 scrolls of identify {unknown}
 h - a scroll of noise {unknown}
 k - 2 scrolls of enchant armour {unknown}
 l - a scroll of butterflies {unknown}
 n - a scroll of amnesia {unknown}
Potions
 d - 2 potions of might
 i - a potion of cancellation {unknown}
 m - a potion of lignification {unknown}
 o - a potion of magic {unknown}


   Skills:
 + Level 4.7 Fighting
 + Level 3.6 Axes
 + Level 4.7 Armour
 + Level 5.6 Shields


You had 5 spell levels left.
You didn't know any spells.
Your spell library was empty.

Dungeon Overview and Level Annotations

Branches:
Dungeon (4/15)
 Temple: D:4-7

Altars:
Vehumet
Yredelemnul
Jiyva


Innate Abilities, Weirdness & Mutations

You cannot be hasted, slowed, berserked, paralysed or teleported.
You can dig through walls and to a lower floor.
You have a pair of large antennae on your head. (SInv)
Your four strong arms can wield two-handed weapons with a shield.


Message History

The killer bee stings you but does no damage.
The quokka attacks as it pursues you! You block the quokka's attack.
The killer bee stings you but does no damage.
The killer bee closely misses you. The orc hits you but does no damage.
The killer bee stings you.
You are poisoned.
The killer bee poisons you!
You feel sick.
The killer bee attacks as it pursues you!
The killer bee stings you.
There is a stone staircase leading up here.
You feel sick. The killer bee stings you. x2
* * * LOW HITPOINT WARNING * * *
The orc barely misses you.
You climb upwards.
You feel sick.
There is a stone staircase leading down here.
Unknown command.
You are too injured to fight recklessly!
You are too injured to fight recklessly!
You sock the orc!
Your weapon exudes an aura of protection.
You kill the orc!
You feel sick. You block the killer bee's attack.
The killer bee stings you but does no damage. x2
You feel sick.
You are no longer poisoned.
You block the killer bee's attack.
Things that are here:
a +0 whip; an orc corpse You barely miss the killer bee.
The killer bee barely misses you. The killer bee stings you.
* * * LOW HITPOINT WARNING * * *
You are poisoned.
The killer bee poisons you! The killer bee completely misses you.
You barely miss the killer bee.
You feel sick. You block the killer bee's attack. The killer bee misses you.
You miss the killer bee.
You feel sick. The killer bee stings you.
* * * LOW HITPOINT WARNING * * *
The killer bee stings you!
You die...

#.##....# #.###.#.# #.###.#.#
#.......# #####.### #.#
########## #.# #......#.##
#{### #@####..#.## #.{{{
#y####.###.#######
######.#......##.......
#....J...##.#.{J.......
#.####......>.......<..
#######.# ######.#..##......
#.......### #.##.##..#...
#.##......# #.##.###...##
#.##.#..#.#######.##.####..##


You could see a killer bee and a neutral jelly (wandering) (fellow slime).

Vanquished Creatures
  A hound (D:4)
  A gnoll (D:1)
  7 adders
  3 worms (D:2)
  3 dart slugs
  An orc (D:3)
  4 endoplasms
  6 goblins
  5 hobgoblins
  5 jackals
  4 kobolds
  2 quokkas
  6 ball pythons
  3 bats
  4 frilled lizards
  3 rats
58 creatures vanquished.

Vanquished Creatures (others)
  Grinder (D:3)
  2 jellies (D:3)
  A dart slug (D:3)
  4 orcs (D:3)
  A bat (D:2)
  An endoplasm (D:3)
  3 goblins (D:3)
  A hobgoblin (D:3)
  3 jackals (D:3)
  A quokka (D:3)
  A frilled lizard (D:3)
  2 kobolds
  A rat (D:3)
22 creatures vanquished.

Grand Total: 80 creatures vanquished

Notes
Turn   | Place    | Note
-------+----------+-------------------------------------------
     0 | D:1      | heikuro the Formicid Fighter began the quest for the Orb.
     0 | D:1      | Reached XP level 1. HP: 18/18 MP: 1/1
   117 | D:1      | Reached XP level 2. HP: 2/24 MP: 2/2
   663 | D:1      | Reached XP level 3. HP: 19/30 MP: 3/3
  1084 | D:2      | Upgraded the game from 0.31-a0-656-gb4d89c20fa to
                  | 0.31-a0-662-g684573625c
  1089 | D:2      | Found a basalt altar of Yredelemnul.
  1097 | D:2      | Reached XP level 4. HP: 37/37 MP: 4/4
  1462 | D:2      | Reached XP level 5. HP: 42/42 MP: 5/5
  1490 | D:2      | Found a faded altar of an unknown god.
  1501 | D:2      | Prayed at the altar of an unknown god.
  1501 | D:2      | Became a worshipper of Jiyva Jaruplev the Shapeless
  1501 | D:2      | Reached * piety under Jiyva
  1910 | D:3      | Found a radiant altar of Vehumet.
  1918 | D:3      | Reached skill level 5 in Shields
  1950 | D:3      | Reached ** piety under Jiyva
  1950 | D:3      | Noticed Grinder
  1989 | D:3      | Killed Grinder
  1990 | D:3      | Reached XP level 6. HP: 45/49 MP: 6/6
  2574 | D:4      | Reached *** piety under Jiyva
  2604 | D:4      | Noticed an ogre
  2635 | D:3      | Slain by a killer bee

Illustrated notes

Levels and vault maps discovered:
D:1:      amcnicky_arrival_abandoned_market, layout_basic
D:2:      minmay_recursive_quarters, layout_basic, serial_forest,
          infiniplex_forest_straight_5, infiniplex_forest_straight_4,
          infiniplex_forest_lined_3, infiniplex_forest_zigzag_1,
          infiniplex_forest_zigzag_1, infiniplex_forest_lined_2,
          infiniplex_forest_zigzag_2, infiniplex_forest_lined_room_2,
          shapermc_ecumenical_altar_gd, basic_altar, reono_crystal_passage,
          grunt_decor_clamped, st_stairs_13, minivault_23
D:3:      layout_loops_cross, fiery_altar_vehumet, minmay_ruptured, uniq_grinder
D:4:      layout_cave_pools, gammafunk_ghost_smash, minmay_manual_mail

Skill      XL: |  1  2  3  4  5 |
---------------+----------------+-----
Armour         | 4 |  4.7
Fighting       | 4 |  4.7
Axes           | 3 |  3.6
Shields        | 5 |  5.6

Action                     |  1- 3 |  4- 6 || total
---------------------------+-------+-------++-------
  Melee: War axe           |     7 |       ||     7
         Mace              |    74 |   165 ||   239
 Armour: Scale mail        |    61 |   142 ||   203
  Dodge: Dodged            |    52 |    98 ||   150
  Block: Buckler           |    32 |    63 ||    95

Table legend: (Time is in decaauts)
 A = Elapsed time spent in this place.
 B = Non-inter-level travel time spent in this place.
 C = Inter-level travel time spent in this place.
 D = Time resting spent in this place.
 E = Time spent auto-exploring this place.
 F = Levels seen in this place.
 G = Mean time per level.
                   A        B        C        D        E       F      G
               +--------+--------+--------+--------+--------+-----+--------+
         Total |   2720 |   2671 |     49 |    278 |   1725 |   4 |  680.0 |
       Dungeon |   2720 |   2671 |     49 |    278 |   1725 |   4 |  680.0 |
               +--------+--------+--------+--------+--------+-----+--------+

Top non-repeatable levels by time:
     D:2: 1086 daAuts
     D:1: 875 daAuts
     D:3: 699 daAuts
     D:4: 59 daAuts
